 Dungeon Crawl Stone Soup version 0.29.1-12-g30fa7ad0bf (webtiles) character file.

Game seed: 5386295847362651175

16349 rakiston the Severer (level 12, -1/113 HPs)
             Began as a Minotaur Berserker on Dec 23, 2022.
             Was an Elder of Trog.
             Slain by an orc warrior
             ... wielding a +0 war axe
             ... led by an orc knight
              (11 damage)
             ... on level 2 of the Orcish Mines on Dec 24, 2022.
             The game lasted 01:02:15 (15075 turns).

rakiston the Severer (Minotaur Berserker)          Turns: 15075, Time: 01:02:15

Health: -1/113     AC: 16    Str: 27    XL:     12   Next: 9%
Magic:  11/11      EV:  9    Int:  4    God:    Trog [****..]
Gold:   1640       SH:  0    Dex: 14    Spells: 11/11 levels left

rFire   + . .      SeeInvis .   W - +4 broad axe (vorpal)
rCold   . . .      Faith    .   (no shield)
rNeg    . . .      Spirit   .   q - +0 plate armour
rPois   .          Reflect  .   (helmet unavailable)
rElec   .          Harm     .   (no cloak)
rCorr   .          Rampage  .   (no gloves)
Will    +....                   (no boots)
Stlth   ..........              (no amulet)
HPRegen 1.28/turn               C - +6 ring of dexterity
MPRegen 0.12/turn               d - ring of protection from fire

@: lethally poisoned (-1 -> -8), weak-willed, strong-willed (expiring), on
berserk cooldown, regenerating (expiring), hasted and slowed
A: horns 3, retaliatory headbutt, clumsy 1, strong-willed 1
a: Renounce Religion, Berserk, Trog's Hand, Brothers in Arms


You were on level 2 of the Orcish Mines.
You worshipped Trog.
Trog was greatly pleased with you.
You visited 2 branches of the dungeon, and saw 13 of its levels.

You collected 1640 gold pieces.

Inventory:

Hand Weapons
 a - a +0 hand axe
 k - a +0 war axe
 E - the +6 falchion of Interdependent Arising {vorpal, rElec rCorr Int+3}
   (You found it on level 6 of the Dungeon)

   It inflicts extra damage upon your enemies.
   Int:       It affects your intelligence (+3).
   rElec:     It insulates you from electricity.
   rCorr:     It protects you from acid and corrosion.
 W - a +4 vorpal broad axe (weapon)
Missiles
 j - 56 stones (quivered)
 n - 48 poisoned darts
 w - 7 boomerangs
 G - 2 throwing nets
 I - 4 curare-tipped darts
Armour
 b - a +0 animal skin
 e - a +0 leather armour
 l - a +0 scale mail
 q - a +0 plate armour (worn)
 v - a +0 ring mail
 F - a +1 chain mail
Jewellery
 d - a ring of protection from fire (right hand)
 C - a +6 ring of dexterity (left hand)
 D - a +6 ring of dexterity
 N - an amulet of guardian spirit
 S - a +6 ring of strength
 X - an amulet of magic regeneration
 Y - a ring of positive energy
Wands
 H - a wand of iceblast (9)
 U - a wand of polymorph (6)
 V - a wand of flame (10)
Scrolls
 c - 2 scrolls of amnesia
 f - 2 scrolls of silence
 h - 4 scrolls of teleportation
 i - 2 scrolls of poison
 p - 2 scrolls of fog
 r - 3 scrolls of fear
 s - a scroll of torment
 t - 3 scrolls of enchant armour
 x - 2 scrolls of immolation
 O - a scroll of blinking {unknown}
 T - 2 scrolls of magic mapping
Potions
 g - 2 potions of might
 m - a potion of lignification
 u - a potion of mutation
 z - a potion of invisibility {unknown}
 A - a potion of berserk rage
 B - a potion of degeneration
 J - 2 potions of resistance {unknown}
 L - 2 potions of curing
 M - a potion of attraction {unknown}
 P - 2 potions of brilliance {unknown}
 Q - a potion of experience {unknown}
 R - 2 potions of flight {unknown}
Miscellaneous
 y - a lightning rod (4/4)


   Skills:
 + Level 12.6 Fighting
 - Level 15.0 Axes
 - Level 1.1 Throwing
 * Level 13.9 Armour
 - Level 2.9 Dodging
 - Level 0.2 Stealth


You had 11 spell levels left.
You didn't know any spells.
Your spell library was empty.

Dungeon Overview and Level Annotations

Branches:
Dungeon (11/15)            Temple (0/1) D:7            Lair (0/5) D:10
    Orc (2/2) D:9             Elf (0/3) Orc:2

Altars:
Ashenzari
Cheibriados
Gozag
Hepliaklqana
Xom

Shops:
Orc:2 (

Annotations:
D:2 Sigmund


Innate Abilities, Weirdness & Mutations

You have a pair of large horns on your head.
You reflexively headbutt those who attack you in melee.
You are clumsy. (Dex -2)
You are strong-willed. (Will+)


Message History

You feel a strong urge to attack something.
You feel the effects of Trog's Hand fading.
The fire elemental hits you. The fire elemental burns you! You resist.
You are no longer berserk.
You are exhausted.
You feel yourself slow down. The orc hits you but does no damage.
The orc knight hits you from afar with a +0 halberd.
Your two-headed ogre hits the fire elemental with a +0 giant club!!!
The fire elemental is destroyed!
The fire elemental disappears in a puff of smoke!
Okay, then.
You feel yourself speed up.
The orc warrior hits you from afar with a +2 glaive of venom.
The orc hits you but does no damage.
The orc knight roars a battlecry!
The orcs go into a battle-frenzy!
The orc warrior unwields a +4 arbalest.
The orc warrior wields a +0 war axe.
The orc warrior hits you with a +0 war axe!!
The orc warrior hits your two-headed ogre with a +0 war axe.
Your two-headed ogre hits the orc warrior with a +0 giant club!!
Your two-headed ogre hits the orc warrior with a +0 giant club!
The orc warrior hits you from afar with a +2 glaive of venom!!
* * * LOW HITPOINT WARNING * * *
You are poisoned.
The orc knight hits you from afar with a +0 halberd.
* * * LOW HITPOINT WARNING * * *
The orc hits you with a +0 dagger of holy wrath.
* * * LOW HITPOINT WARNING * * *
* * * LOW HITPOINT WARNING * * *
You feel extremely sick.
The orc warrior hits you but does no damage.
The orc warrior barely misses your two-headed ogre.
Your two-headed ogre closely misses the orc warrior.
Your two-headed ogre barely misses the orc warrior.
As you read the scroll labelled JAMUVORU DULES, it crumbles to dust.
Magic quickly surges around you.
It was a scroll of vulnerability.
* * * LOW HITPOINT WARNING * * *
You feel very sick.
The orc warrior hits you with a +0 war axe!
You die...

...................
....#..................8.
.....#...................
.... ....................
#### #..................
#............o.....
#.#.........o......
#...))..))o.o......
#.##......@oo......
#..#).....Oo.......
#......)...........
#..)...e...........
#######..)...............
...))....................
#####))..#...............
#))..#...#...........
#.....#..#......


You could see an orc knight (weak-willed), a deep elf pyromancer (weak-willed),
4 orc warriors, 2 orcs and a friendly two-headed ogre (summoned, berserk,
weak-willed).

Vanquished Creatures
  Snorg (Orc:2)
  A centaur warrior (D:10)
  A two-headed ogre (D:11)
  An orc high priest (Orc:2)
  2 deep elf pyromancers (Orc:2)
  2 deep elf zephyrmancers (Orc:2)
  A salamander (shapeshifter) (D:10)
  A cyclops (Orc:2)
  An unseen horror (D:10)
  A komodo dragon (D:10)
  2 trolls
  A wraith (D:11)
  4 yaks
  A wyvern (D:7)
  Grum (D:8)
  A steam dragon (D:6)
  A warg (Orc:2)
  2 acid dragons
  17 orc warriors
  2 sky beasts
  A black bear (D:8)
  3 ice beasts (D:7)
  5 ogres
  2 wolves (D:8)
  4 centaurs
  3 phantoms
  5 kobold brigands
  2 bullfrogs
  A necrophage (D:4)
  A gnoll sergeant (D:11)
  4 scorpions
  10 wights
  11 killer bees
  3 jellies
  10 howler monkeys
  4 gnoll boudas
  7 hounds
  3 orc priests
  4 iguanas
  10 orc wizards
  Robin (D:2)
  32 gnolls
  4 adders
  2 shadow imps
  A white imp (D:7)
  3 ufetubi
  3 dart slugs
  47 orcs
  A bat (D:3)
  8 endoplasms
  A giant cockroach (D:4)
  17 goblins
  12 hobgoblins
  4 jackals
  4 quokkas
  4 ball pythons
  A frilled lizard (D:3)
  19 kobolds
  3 rats
304 creatures vanquished.

Vanquished Creatures (collateral kills)
  A deep elf pyromancer (Orc:2)
  A deep elf zephyrmancer (Orc:2)
  2 orc sorcerers (Orc:2)
  A vampire (D:9)
  A wraith (D:9)
  3 orc warriors
  An orc priest (Orc:2)
  An orc (Orc:2)
11 creatures vanquished.

Vanquished Creatures (others)
  3 plants (D:10)
3 creatures vanquished.

Grand Total: 318 creatures vanquished

Notes
Turn   | Place    | Note
-------+----------+-------------------------------------------
     0 | D:1      | rakiston the Minotaur Berserker began the quest for the
                  | Orb.
     0 | D:1      | Reached XP level 1. HP: 19/19 MP: 0/0
   574 | D:1      | Reached XP level 2. HP: 24/27 MP: 1/1
   618 | D:1      | Reached skill level 4 in Axes
  1257 | D:2      | Noticed Sigmund
  1348 | D:2      | Reached XP level 3. HP: 31/33 MP: 2/2
  1351 | D:2      | Reached ** piety under Trog
  1581 | D:2      | Noticed Robin
  1603 | D:2      | Killed Robin
  1913 | D:3      | Reached XP level 4. HP: 41/41 MP: 3/3
  1968 | D:3      | Found a snail-covered altar of Cheibriados.
  2023 | D:3      | Reached skill level 5 in Axes
  2040 | D:3      | Reached XP level 5. HP: 36/47 MP: 4/4
  2461 | D:3      | Reached *** piety under Trog
  2613 | D:4      | Found a shimmering altar of Xom.
  2620 | D:4      | Reached skill level 6 in Axes
  2875 | D:4      | Reached skill level 5 in Fighting
  2991 | D:4      | Reached XP level 6. HP: 56/56 MP: 5/5
  3003 | D:4      | Reached skill level 7 in Axes
  3153 | D:4      | Found a broken altar of Ashenzari.
  3453 | D:4      | Reached skill level 8 in Axes
  3643 | D:5      | Entered Level 5 of the Dungeon
  3656 | D:5      | Reached XP level 7. HP: 41/61 MP: 6/6
  3937 | D:5      | Reached skill level 9 in Axes
  4224 | D:5      | Found an opulent altar of Gozag.
  4229 | D:5      | Reached skill level 1 in Throwing
  4229 | D:5      | Found a hazy altar of Hepliaklqana.
  4310 | D:5      | Reached skill level 10 in Axes
  4310 | D:5      | Reached XP level 8. HP: 71/71 MP: 7/7
  4580 | D:6      | Identified the +6 falchion of Interdependent Arising
                  | {vorpal, rElec rCorr Int+3}
  4777 | D:6      | Reached **** piety under Trog
  4778 | D:6      | Reached skill level 11 in Axes
  5505 | D:7      | Reached skill level 12 in Axes
  5710 | D:7      | Reached XP level 9. HP: 43/81 MP: 8/8
  6186 | D:7      | Found a staircase to the Ecumenical Temple.
  6454 | D:7      | Reached skill level 13 in Axes
  7050 | D:8      | Noticed Grum
  7058 | D:8      | Killed Grum
  7244 | D:8      | Identified a scroll of acquirement
  7245 | D:8      | Acquired 425 gold pieces
  7580 | D:8      | Reached skill level 14 in Axes
  8020 | D:8      | Reached XP level 10. HP: 63/92 MP: 9/9
  8335 | D:8      | Reached skill level 10 in Fighting
  9007 | D:9      | Reached ***** piety under Trog
  9012 | D:9      | Reached skill level 15 in Axes
  9991 | D:9      | Reached skill level 5 in Armour
 10243 | D:9      | Found a staircase to the Orcish Mines.
 10389 | D:9      | HP: 4/92 [vampire (4)]
 10389 | D:9      | HP: 1/92 [vampire (3)]
 10748 | D:10     | Entered Level 10 of the Dungeon
 10866 | D:10     | Found a staircase to the Lair.
 11327 | D:10     | Noticed a centaur warrior
 11335 | D:10     | Killed a centaur warrior
 11539 | D:10     | Noticed a salamander
 11547 | D:10     | Killed a salamander
 11561 | D:10     | Gained mutation: You are strong-willed. (Will+) [potion of
                  | mutation]
 11561 | D:10     | Gained mutation: You are clumsy. (Dex -2) [potion of
                  | mutation]
 11561 | D:10     | Gained mutation: You have a pair of large horns on your
                  | head. [potion of mutation]
 12107 | D:11     | Reached XP level 11. HP: 95/102 MP: 10/10
 12412 | D:11     | Noticed a two-headed ogre
 12435 | D:11     | Killed a two-headed ogre
 12436 | D:11     | Reached skill level 10 in Armour
 12586 | D:11     | Noticed a six-headed hydra
 12710 | Orc:1    | Entered Level 1 of the Orcish Mines
 12948 | Orc:2    | Entered Level 2 of the Orcish Mines
 12979 | Orc:2    | Noticed a deep elf pyromancer
 12979 | Orc:2    | Noticed a deep elf zephyrmancer
 13174 | Orc:2    | Killed a deep elf pyromancer
 13504 | Orc:2    | Killed a deep elf zephyrmancer
 13514 | Orc:2    | Noticed a deep elf pyromancer
 14138 | Orc:2    | Found a staircase to the Elven Halls.
 14466 | Orc:2    | Noticed an orc high priest
 14476 | Orc:2    | Killed an orc high priest
 14480 | Orc:2    | Found Rojas's Antique Weapon Shoppe.
 14510 | Orc:2    | Received a gift from Trog
 14600 | Orc:2    | Noticed a deep elf zephyrmancer
 14610 | Orc:2    | Killed a deep elf zephyrmancer
 14663 | Orc:2    | Noticed a deep elf pyromancer
 14664 | Orc:2    | Noticed an orc sorcerer
 14669 | Orc:2    | Killed a deep elf pyromancer
 14670 | Orc:2    | Killed an orc sorcerer
 15045 | Orc:2    | Noticed a deep elf zephyrmancer
 15049 | Orc:2    | Noticed a deep elf pyromancer
 15050 | Orc:2    | Killed a deep elf zephyrmancer
 15051 | Orc:2    | Killed a deep elf pyromancer
 15052 | Orc:2    | Noticed an orc sorcerer
 15054 | Orc:2    | Noticed Snorg
 15055 | Orc:2    | Killed an orc sorcerer
 15056 | Orc:2    | Reached XP level 12. HP: 100/113 MP: 11/11
 15065 | Orc:2    | Killed Snorg
 15075 | Orc:2    | Slain by an orc warrior

Illustrated notes

Levels and vault maps discovered:
D:1:      dpeg_arrival_rooms_with_view, layout_basic
D:2:      layout_loops_ring, uniq_jessica, uniq_sigmund, uniq_robin
D:3:      layout_basic, amcnicky_altar_gilded, hangedman_decor_peaks_small,
          minmay_diced_spiral
D:4:      layout_basic, nicolae_overflow_hidden_temple,
          overflow_temple_1_default, minmay_unequal
D:5:      layout_gridville, gammafunk_temple_overflow_pools
D:6:      layout_loops_ring, chequers_jeans, grunt_ministairs_1
D:7:      layout_loops_ring, minmay_temple_entry_mist
D:8:      layout_basic, serial_co_window_serial, co_window_paths_a,
          co_window_cross_1, co_window_of_opportunity_a, co_window_corner_a,
          co_window_corner_a, co_window_of_opportunity_b, co_window_broadway_a,
          co_window_broadway_c, co_window_4corner_a, co_window_4corner_b,
          glass_columns_b, glass_columns_b, glass_columns_a, glass_columns_c,
          glass_columns_a, minmay_bent, uniq_grum
D:9:      layout_basic, orc_0_dummy
D:10:     layout_stronghold, david_lair_shrubbed, minmay_three_doors
D:11:     layout_small_grid, kennysheep_generic_room_12
Orc:1:    layout_caves, nicolae_orc_stony_grotto
Orc:2:    grunt_orc_community_town_hall, layout_diamond_mine,
          grunt_orc_community_big_house_2, grunt_orc_community_big_house_2,
          grunt_orc_community_house_1, grunt_orc_community_house_2,
          grunt_orc_community_house_3, grunt_orc_community_house_3,
          elves_outpost_lemuel, uniq_snorg

Skill      XL: |  1  2  3  4  5  6  7  8  9 10 11 |
---------------+----------------------------------+-----
Axes           | 4 5 6 8 10 12 14 15 | 15.0
Fighting       | 4 5 6 7 9 11 12 | 12.6
Armour         | 3 9 13 | 13.9
Throwing       | 1 |  1.1
Dodging        | |  2.9
Stealth        | |  0.2

Action                   |  1- 3 |  4- 6 |  7- 9 | 10-12 || total
-------------------------+-------+-------+-------+-------++-------
Melee: Hand axe          |    53 |       |       |       ||    53
       Headbutt          |    15 |    14 |    46 |    76 ||   151
       War axe           |    34 |    96 |   263 |   312 ||   705
       Punch             |       |       |     3 |       ||     3
       Broad axe         |       |       |       |    54 ||    54
Throw: Stone             |       |     9 |    10 |    12 ||    31
Invok: Berserk           |     1 |       |     3 |     5 ||     9
       Brothers in Arms  |       |       |       |     4 ||     4
       Trog's Hand       |       |       |       |     4 ||     4
  Use: Potion            |     3 |     1 |     3 |    11 ||    18
       Scroll            |     3 |     1 |     4 |     7 ||    15
Armor: Animal skin       |     5 |       |       |       ||     5
       Leather armour    |     4 |       |       |       ||     4
       Scale mail        |    23 |    29 |       |       ||    52
       Ring mail         |       |       |    15 |       ||    15
       Chain mail        |       |       |    67 |    35 ||   102
       Plate armour      |       |       |       |    97 ||    97
Dodge: Dodged            |    42 |    31 |   147 |   121 ||   341
